 Dungeon Crawl Stone Soup version 0.17-a0-1655-g88a8506 (webtiles) character file.

64 esc the Shield-Bearer (level 4, 0/43 HPs)
             Began as a Gargoyle Fighter on Aug 15, 2015.
             Killed from afar by Sigmund (2 damage)
             ... with a puff of flame
             ... on level 2 of the Dungeon.
             The game lasted 00:04:33 (1592 turns).

esc the Shield-Bearer (Gargoyle Fighter)            Turns: 1592, Time: 00:04:33

Health: 0/43       AC: 22    Str: 19    XL:     4   Next: 12%
Magic:  4/4        EV:  2    Int:  9    God:
Gold:   35         SH:  0    Dex:  7    Spells: 0 memorised, 3 levels left

rFire  . . .     SeeInvis .     k - -1 whip (curse)
rCold  . . .     Clarity  .     (armour currently unavailable)
rNeg   + + +     SustAt   .     c - +0 shield
rPois  ∞         Gourm    .     (helmet currently unavailable)
rElec  .         Spirit   .     (cloak currently unavailable)
rCorr  .         Warding  .     (gloves currently unavailable)
rMut   .         NoTele   +     (boots currently unavailable)
MR     .....                    (no amulet)
Stlth  +.........               (no ring)
                                g - -3 ring of dexterity (curse)

@: confused, tree-form, not resistant to hostile enchantments, very unstealthy
A: negative energy resistance 1, (electricity resistance), (unbreathing),
petrification resistance, rot immunity, AC +3
a: no special abilities


You were on level 2 of the Dungeon.
You were hungry.
You were a tree.
You visited 1 branch of the dungeon, and saw 2 of its levels.

You collected 35 gold pieces.

Inventory:

Hand weapons
 a - a +1 flail
 k - a cursed -1 whip (weapon)
   (You found it on level 2 of the Dungeon)
Armour
 b - a +0 scale mail (melded)
 c - a +0 shield (worn)
 m - a +1 cloak (melded)
   (You found it on level 2 of the Dungeon)
Jewellery
 g - a cursed -3 ring of dexterity (left branch)
   (You found it on level 1 of the Dungeon)
Scrolls
 h - 2 scrolls of identify
Potions
 d - a potion of might
Comestibles
 e - 2 bread rations {@e1}
 f - 3 chunks of flesh {@w0}
 n - a royal jelly


   Skills:
 + Level 3.8 Fighting
 + Level 2.4 Maces & Flails
 + Level 3.5 Armour
 + Level 1.2 Dodging
 + Level 3.9 Shields


You had 3 spell levels left.
You didn't know any spells.

Dungeon Overview and Level Annotations

Branches:
Dungeon (2/15)

Altars:
Elyvilon

Annotations:
D:2 Sigmund


Innate Abilities, Weirdness & Mutations

You are resistant to torment.
((Your stone body is resilient (AC +3).))
You are immune to poison.
You resist negative energy.
((You are resistant to electric shocks.))
((You can survive without breathing.))
You are immune to petrification.
You are immune to rotting.


Message History

You hear a zap.
You are more confused.
You closely miss something.
You hear some strange, mumbled words.
A magic dart appears from out of thin air!
The magic dart hits you!
* * * LOW HITPOINT WARNING * * *
You take 2 damage, and have 7/29 hp.
You closely miss something. Something hits you but does no damage.
You hear a zap.
Something tries to affect you, but you resist.
You bump into the rock wall.
You hear a zap.
You are more confused.
You're too confused to move!
You hear a zap.
Something tries to affect you, but you resist.
You bump into the rock wall.
You hear a zap.
Something tries to affect you, but you resist.
You hear a zap.
You are more confused.
You see here a throwing net {=f, !d}.
l - a throwing net {=f, !d} Something hits you but does no damage.
You bump into the rock wall.
You bump into the rock wall.
You hear some strange, mumbled words.
A puff of flame appears from out of thin air!
The puff of flame hits you!
* * * LOW HITPOINT WARNING * * *
You take 4 damage, and have 3/29 hp.
You bump into the rock wall.
You hear a zap.
You are more confused.
You throw a throwing net {=f, !d}.
You hear a zap.
You are more confused.
You bump into the rock wall.
You hear a zap.
You are more confused.
Drink which item? (? for menu, Esc to quit)
It was a potion of curing.
You feel better.
You hear a zap.
Something tries to affect you, but you resist.
You regained 6 hp, and now have 9/29 hp.
You barely miss something.
You hear some strange, mumbled words.
Something tries to affect you, but you resist.
You miss something.
You hear a zap.
You are confused.
You bump into the rock wall.
You hear some strange, mumbled words.
Something tries to affect you, but you resist.
You're too confused to move!
You hear some strange, mumbled words.
A puff of flame appears from out of thin air!
The puff of flame hits you!
* * * LOW HITPOINT WARNING * * *
You take 8 damage, and have 1/29 hp.
MASSIVE DAMAGE!!
Drink which item? (? for menu, Esc to quit)
It was a potion of lignification.
You turn into a tree.
Your +1 cloak melds into your body.
Your +0 scale mail melds into your body.
Your roots penetrate the ground.
You hear a zap.
You now have 1/43 hp.
Drink which item? (? for menu, Esc to quit)
You feel better.
You hear some strange, mumbled words.
Something tries to affect you, but you resist.
You regained 6 hp, and now have 7/43 hp.
You closely miss something. Something hits you but does no damage.
You closely miss something. Something hits you.
* * * LOW HITPOINT WARNING * * *
You take 6 damage, and have 1/43 hp.
You barely miss something. Something hits you but does no damage.
You closely miss something. You hit something.
Something hits you but does no damage.
You miss something.
Sigmund appears from thin air!
Reactivating autopickup.
You block Sigmund's attack.
You hit Sigmund. You hit Sigmund.
Sigmund gestures wildly while chanting.
Sigmund flickers and vanishes!
Deactivating autopickup; reactivate with Ctrl-A.
You miss something.
You hear some strange, mumbled words.
You are confused.
You cannot move. (Use ctrl+direction to attack without moving.)
You swing at nothing.
Something hits you but does no damage.
You barely miss something. Something hits you but does no damage.
You miss something.
You hear some strange, mumbled words.
A puff of flame appears from out of thin air!
The puff of flame hits you!
You die...

#......##
#.#
#.###...#
#.# # #.#
#.#.# #.#
#.# #.#.#
#.# ..
..#.## #.#
.###..#
#.# #.
##.# #.# #
#.###.####
#.....{♣.#
#..#####.#
#..# #.#
#..# #..
#..# #.##
#..# #.#
_#... .(#
##### ###


There were no monsters in sight!

Vanquished Creatures
  A gnoll (D:2)
  An adder (D:2)
  An ooze (D:1)
  4 giant cockroaches
  4 hobgoblins
  12 jackals (D:1)
  4 kobolds
  A bat (D:1)
  3 giant newts (D:1)
  3 goblins (D:1)
  9 rats
43 creatures vanquished.

Notes
Turn   | Place    | Note
--------------------------------------------------------------
     0 | D:1      | esc the Gargoyle Fighter began the quest for the Orb.
     0 | D:1      | Reached XP level 1. HP: 14/14 MP: 1/1
    60 | D:1      | Reached XP level 2. HP: 19/19 MP: 2/2
   332 | D:1      | Reached XP level 3. HP: 14/23 MP: 3/3
  1235 | D:1      | Reached skill level 1 in Dodging
  1478 | D:2      | Reached XP level 4. HP: 26/29 MP: 4/4
  1524 | D:2      | Noticed Sigmund
  1527 | D:2      | Found a white marble altar of Elyvilon.
  1560 | D:2      | HP: 7/29 [something/magic dart (2)]
  1570 | D:2      | HP: 3/29 [something/puff of flame (5)]
  1578 | D:2      | HP: 1/29 [something/puff of flame (8)]
  1592 | D:2      | Killed from afar by Sigmund

Vault maps used:
D:1:      onia_arrival_mini_spirals, serial_curves, eino_curves_01,
          eino_curves_02
D:2:      nicolae_overflow_hidden_temple, bh_walls_and_bars, uniq_jessica,
          uniq_sigmund, uniq_robin

Action                   |  1- 3 |  4- 6 || total
-------------------------+-------+-------++-------
Melee: Flail             |   148 |       ||   148
       Whip              |    20 |    41 ||    61
Throw: Throwing net      |       |     2 ||     2
  Use: Scroll            |     3 |       ||     3
       Potion            |       |     3 ||     3
  Eat: Chunk             |     2 |       ||     2

Vault maps used:
D:1:      onia_arrival_mini_spirals, serial_curves, eino_curves_01,
          eino_curves_02
D:2:      nicolae_overflow_hidden_temple, bh_walls_and_bars, uniq_jessica,
          uniq_sigmund, uniq_robin

Table legend:
 A = Turns spent in this place as a percentage of turns spent in the entire game.
 B = Non-inter-level travel turns spent in this place as a percentage of non-inter-level travel turns spent in the entire game.
 C = Inter-level travel turns spent in this place as a percentage of turns spent in this place.
 D = Turns resting spent in this place as a percentage of non-inter-level travel turns spent in this place.
 E = Turns spent auto-exploring this place as a percentage of non-inter-level travel turns spent in this place.
 F = Non-inter-level travel turns spent in this place divided by the number of levels of this place that you've seen.
                   A       B       C       D       E      F
               +-------+-------+-------+-------+-------+----------------------
         Total | 100.0 | 100.0 |   0.4 |   0.7 |   4.2 | 408.0
       Dungeon | 100.0 | 100.0 |   0.4 |   0.7 |   4.2 | 408.0
               +-------+-------+-------+-------+-------+----------------------

Table legend:
 A = Kills in this place as a percentage of kills in entire the game.
 B = Kills by you in this place as a percentage of kills by you in the entire game.
 C = Kills by friends in this place as a percentage of kills by friends in the entire game.
 D = Other kills in this place as a percentage of other kills in the entire game.
 E = Experience gained in this place as a percentage of experience gained in the entire game.
 F = Experience gained in this place divided by the number of levels of this place that you have seen.
                   A       B       C       D       E      F
               +-------+-------+-------+-------+-------+----------------------
         Total | 100.0 | 100.0 |  -nan |  -nan | 100.0 |  46.0
       Dungeon | 100.0 | 100.0 |  -nan |  -nan | 100.0 |  46.0
               +-------+-------+-------+-------+-------+----------------------
